 Dungeon Crawl Stone Soup version 0.22.0-49-gab54619 (webtiles) character file.

30 inc the Ducker (level 3, 18/18 HPs)
             Began as a Felid Monk on Sept 5, 2018.
             Quit the game on level 2 of the Dungeon.
             The game lasted 00:02:03 (1673 turns).

inc the Ducker (Felid Monk)                         Turns: 1673, Time: 00:02:04

Health: 18/18      AC:  1    Str:  7    XL:     3   Next: 3%
Magic:  4/4        EV: 20    Int: 11    God:
Gold:   79         SH:  0    Dex: 19    Spells: 2/2 levels left
                                        Lives:  0   Deaths: 1

rFire    . . .     SeeInvis +     - Unarmed
rCold    . . .     Gourm    .   (shield unavailable)
rNeg     . . .     Faith    .   (armour unavailable)
rPois    .         Spirit   .   (helmet unavailable)
rElec    .         Reflect  .   (cloak unavailable)
rCorr    .         Harm     .   (gloves unavailable)
MR       .....     Rnd*Tele +   (boots unavailable)
Stlth    +++.......             (no amulet)
HPRegen  0.06/turn              d - ring of teleportation (curse)
MPRegen  0.09/turn              (no ring)

@: quick
A: very small, no armour, no weapons or thrown items, stealth, claws 1, fangs 3,
see invisible, carnivore, speed 1, shaggy fur 1, slow metabolism 1, sharp paws
a: no special abilities


You were on level 2 of the Dungeon.
You were not hungry.

You visited 1 branch of the dungeon, and saw 2 of its levels.

You collected 79 gold pieces.

Inventory:

Jewellery
 d - a cursed ring of teleportation (left paw)
Scrolls
 e - a scroll of noise {unknown}
 f - a scroll of magic mapping {unknown}
 g - a scroll of teleportation {unknown}
 i - a scroll of identify {unknown}
 j - 2 scrolls of enchant weapon {unknown}
Potions
 b - a potion of invisibility {unknown}
 c - a potion of flight {unknown}
 h - a potion of degeneration {unknown}
Comestibles
 a - a ration


   Skills:
 - Level 3.7 Fighting
 + Level 4.4 Dodging
 - Level 2.6 Stealth
 + Level 4.1 Unarmed Combat


You had 2 spell levels left.
You didn't know any spells.
Your spell library was empty.

Dungeon Overview and Level Annotations

Branches:
Dungeon (2/15)

Altars:
The Shining One


Innate Abilities, Weirdness & Mutations

You cannot wear armour.
You are incapable of wielding weapons or throwing items.
Your paws allow you to move quietly. (Stealth)
You have sharp claws.
You have razor-sharp teeth.
You have supernaturally acute eyesight. (SInv)
You are carnivorous and can eat meat at any time.
You cover ground quickly.
You are covered in fur. (AC +1)
You have a slow metabolism.
Your sharp claws are effective at attacking unaware monsters.


Message History

The leopard gecko bites you.
* * * LOW HITPOINT WARNING * * *
You closely miss the leopard gecko.
The leopard gecko is moderately wounded.
The leopard gecko bites you.
* * * LOW HITPOINT WARNING * * *
An adder comes into view.
The leopard gecko bites you.
You die...
The kobold throws a stone.
The stone hits you but does no damage.
You are now level 3!
You rejoin the land of the living...
Found a scroll labeled JAUNTU YBYT.
Found a silvery potion.
A goblin comes into view.
A giant cockroach comes into view.
The goblin closely misses you.
You scratch the goblin but do no damage.
The goblin barely misses you.
Are you sure you want to abandon this character and quit the game? (Confirm

#.....................#
.#.###.####.###### #.#
#.# ##.## #.#
#.###...## #.#
#.##.....### #.#
#.#........# #)#
#.#.###.#?.....#.# #.#
........#.#...##.#
##.## ..##.##@#.##.## #
#..). # #g#.##.# #.###
#.. ...# #. #.....## #.
#...#.# #. ..###.# #.
### #.# #. "S.####.##
......)K.#


You could see a goblin.

Vanquished Creatures
  Jessica (D:2)
  2 dart slugs (D:1)
  2 leopard geckos (D:1)
  6 bats
  2 giant cockroaches (D:1)
  3 goblins
  A hobgoblin (D:1)
  7 jackals (D:1)
  3 frilled lizards
  4 kobolds (D:1)
  6 rats
37 creatures vanquished.

Notes
Turn   | Place    | Note
-------+----------+-------------------------------------------
     0 | D:1      | inc the Felid Monk began the quest for the Orb.
     0 | D:1      | Reached XP level 1. HP: 10/10 MP: 2/2
   208 | D:1      | Reached XP level 2. HP: 14/14 MP: 3/3
   792 | D:1      | Reached XP level 3. HP: 7/17 MP: 4/4
  1428 | D:2      | Found a glowing golden altar of the Shining One.
  1640 | D:2      | Noticed Jessica
  1646 | D:2      | Killed Jessica
  1646 | D:2      | Reached XP level 4. HP: 12/22 MP: 5/5
  1655 | D:2      | Slain by a leopard gecko
  1656 | D:2      | Reached XP level 3. HP: -1/18 MP: 4/4
  1673 | D:2      | Quit the game

Skill      XL: |  1  2  3 |
---------------+----------+-----
Unarmed Combat | 4 |  4.1
Fighting       | |  3.7
Dodging        | |  4.4
Stealth        | |  2.6

Action                   |  1- 3 |  4- 6 || total
-------------------------+-------+-------++-------
Melee: Unarmed           |    94 |     6 ||   100
       Bite              |     6 |       ||     6
 Stab: Sleeping          |    11 |       ||    11
Armor: Skin              |     3 |     1 ||     4
Dodge: Dodged            |   103 |     3 ||   106
